[ PARTIDA AOE2 · #461225237 ]
UnrankedInca vs Japanese
[ ANÁLISIS DE REPETICIÓN · EXTRAÍDO DE LA PARTIDA GRABADA ]
Feudal
—
Castillos
—
Imperial
—
| APM promedio | 28.9 |
| APM pico | 58 |
| eAPM promedio | 10.2 |
| Aldeanos / militares | 8 / 0 |
Foco
⚔️ 9.5% · 🌾 90.5%
Fishing Ship ×3
Feudal
—
Castillos
—
Imperial
—
| APM promedio | 31.0 |
| APM pico | 39 |
| eAPM promedio | 8.8 |
| Aldeanos / militares | 8 / 0 |
Foco
⚔️ 24.2% · 🌾 75.8%
Fishing Ship ×3
Feudal
—
Castillos
—
Imperial
—
| APM promedio | 38.6 |
| APM pico | 66 |
| eAPM promedio | 6.6 |
| Aldeanos / militares | 5 / 0 |
Foco
⚔️ 9.4% · 🌾 90.6%
Fishing Ship ×1
Feudal
—
Castillos
—
Imperial
—
| APM promedio | 73.2 |
| APM pico | 116 |
| eAPM promedio | 18.7 |
| Aldeanos / militares | 13 / 0 |
Foco
⚔️ 17.9% · 🌾 82.1%
Fishing Ship ×6
Feudal
—
Castillos
—
Imperial
—
| APM promedio | 35.7 |
| APM pico | 44 |
| eAPM promedio | 6.8 |
| Aldeanos / militares | 5 / 0 |
Foco
⚔️ 18.2% · 🌾 81.8%
Feudal
—
Castillos
—
Imperial
—
| APM promedio | 67.9 |
| APM pico | 105 |
| eAPM promedio | 13.0 |
| Aldeanos / militares | 8 / 0 |
Foco
⚔️ 34.5% · 🌾 65.5%
Fishing Ship ×3
Feudal
—
Castillos
—
Imperial
—
| APM promedio | 54.4 |
| APM pico | 73 |
| eAPM promedio | 15.9 |
| Aldeanos / militares | 15 / 0 |
Foco
⚔️ 8.8% · 🌾 91.2%
Fishing Ship ×2
Feudal
—
Castillos
—
Imperial
—
| APM promedio | 27.0 |
| APM pico | 34 |
| eAPM promedio | 10.6 |
| Aldeanos / militares | 11 / 0 |
Foco
⚔️ 22.5% · 🌾 77.5%
Fishing Ship ×1
Mapa de la partida
Recursos iniciales + cada clic de construcción. Líneas = muros · curvas = relieve. ◆ oro · ⬟ piedra · ● bayas · ✦ reliquia · ◌ hueco del cierre
Tu base
Base de SkinnyPig
Base de ConquerKing360
Base de ChauNg
Base de Drogadiccionman
Base de hK | Anubis
Base de BĂNG GIÁ PRO
Base de koopa
Terreno inicial suavizado · ◌ = hueco del cierre detectado · pasá el cursor para detalles
Inputs por minuto
— Alvin Đại Ca Xứ Sương Mù - - SkinnyPig
Build order — Alvin Đại Ca Xứ Sương Mù
17 acciones detectadas en el replay
| 0:04 | Construir | Town Center |
| 0:26 | Construir | Dock |
| 0:28 | Construir | House |
| 2:30 | Crear | Villager (Male) |
| 2:30 | Crear | Villager (Male) |
| 2:31 | Crear | Villager (Male) |
| 2:32 | Crear | Villager (Male) |
| 3:12 | Construir | House |
| 3:33 | Crear | Villager (Male) |
| 4:00 | Crear | Fishing Ship |
| 4:00 | Crear | Fishing Ship |
| 4:17 | Investigar | Loom |
| 4:50 | Crear | Villager (Male) |
| 4:51 | Crear | Villager (Male) |
| 4:58 | Crear | Fishing Ship |
| 5:07 | Crear | Villager (Male) |
| 5:44 | Construir | House |
Build order — SkinnyPig
14 acciones detectadas en el replay
| 0:19 | Construir | Town Center |
| 0:57 | Construir | Dock |
| 1:04 | Construir | House |
| 1:05 | Construir | Palisade Wall |
| 2:34 | Crear | Villager (Male) ×4 |
| 3:44 | Crear | Fishing Ship |
| 4:08 | Investigar | Loom |
| 4:22 | Crear | Villager (Male) |
| 4:22 | Crear | Villager (Male) |
| 4:35 | Construir | House |
| 5:00 | Crear | Villager (Male) |
| 5:20 | Crear | Villager (Male) |
| 5:21 | Crear | Fishing Ship |
| 5:21 | Crear | Fishing Ship |
Build order — ConquerKing360
10 acciones detectadas en el replay
| 1:19 | Construir | Town Center |
| 2:14 | Construir | Dock |
| 2:15 | Construir | House |
| 3:35 | Crear | Villager (Male) |
| 3:35 | Crear | Villager (Male) |
| 3:35 | Crear | Villager (Male) |
| 3:35 | Crear | Villager (Male) |
| 4:32 | Crear | Fishing Ship |
| 5:20 | Crear | Villager (Male) |
| 5:26 | Construir | House |
Build order — ChauNg
23 acciones detectadas en el replay
| 0:48 | Construir | Town Center |
| 1:01 | Construir | House |
| 1:02 | Construir | Dock |
| 2:50 | Crear | Villager (Male) |
| 2:50 | Crear | Villager (Male) |
| 2:51 | Crear | Villager (Male) |
| 2:51 | Crear | Villager (Male) |
| 2:51 | Crear | Villager (Male) |
| 3:49 | Crear | Villager (Male) |
| 3:49 | Crear | Villager (Male) |
| 3:51 | Crear | Fishing Ship |
| 3:51 | Crear | Fishing Ship |
| 3:51 | Crear | Fishing Ship |
| 4:35 | Construir | House |
| 4:41 | Crear | Villager (Male) |
| 4:41 | Crear | Villager (Male) |
| 4:42 | Crear | Villager (Male) |
| 5:09 | Crear | Fishing Ship |
| 5:10 | Crear | Fishing Ship |
| 5:10 | Crear | Fishing Ship |
| 5:22 | Crear | Villager (Male) |
| 5:23 | Crear | Villager (Male) |
| 5:23 | Crear | Villager (Male) |
Build order — Drogadiccionman
9 acciones detectadas en el replay
| 0:45 | Construir | Mill |
| 1:24 | Construir | Town Center |
| 1:51 | Construir | House |
| 3:45 | Crear | Villager (Male) |
| 3:45 | Crear | Villager (Male) |
| 3:45 | Crear | Villager (Male) |
| 3:46 | Crear | Villager (Male) |
| 5:02 | Crear | Villager (Male) |
| 5:17 | Construir | House |
Build order — hK | Anubis
19 acciones detectadas en el replay
| 0:29 | Construir | Town Center |
| 0:43 | Construir | Dock |
| 0:47 | Construir | House |
| 0:48 | Construir | Palisade Wall |
| 2:40 | Crear | Villager (Male) |
| 2:41 | Crear | Villager (Male) |
| 2:47 | Crear | Villager (Male) |
| 2:48 | Crear | Villager (Male) |
| 2:49 | Crear | Villager (Male) |
| 3:49 | Crear | Villager (Male) |
| 3:49 | Crear | Villager (Male) |
| 3:50 | Crear | Fishing Ship |
| 4:31 | Construir | House |
| 4:40 | Investigar | Loom |
| 4:46 | Construir | House |
| 4:48 | Construir | House |
| 5:04 | Crear | Fishing Ship |
| 5:04 | Crear | Fishing Ship |
| 5:22 | Crear | Villager (Male) |
Build order — BĂNG GIÁ PRO
24 acciones detectadas en el replay
| 0:08 | Construir | Town Center |
| 0:41 | Construir | Dock |
| 0:43 | Construir | House |
| 2:27 | Crear | Villager (Male) |
| 2:28 | Crear | Villager (Male) |
| 2:28 | Crear | Villager (Male) |
| 2:29 | Crear | Villager (Male) |
| 3:00 | Crear | Villager (Male) |
| 3:00 | Crear | Villager (Male) |
| 3:30 | Crear | Fishing Ship |
| 3:30 | Crear | Fishing Ship |
| 4:25 | Crear | Villager (Male) |
| 4:25 | Crear | Villager (Male) |
| 4:25 | Crear | Villager (Male) |
| 4:33 | Construir | House |
| 4:55 | Crear | Villager (Male) |
| 4:55 | Crear | Villager (Male) |
| 4:55 | Crear | Villager (Male) |
| 5:02 | Investigar | Loom |
| 5:02 | Investigar | Loom |
| 5:02 | Investigar | Loom |
| 5:04 | Crear | Villager (Male) |
| 5:04 | Crear | Villager (Male) |
| 5:04 | Crear | Villager (Male) |
Build order — koopa
18 acciones detectadas en el replay
| 0:13 | Construir | Town Center |
| 1:02 | Construir | Dock |
| 1:39 | Construir | House |
| 2:46 | Crear | Villager (Male) |
| 2:46 | Crear | Villager (Male) |
| 2:47 | Crear | Villager (Male) |
| 2:47 | Crear | Villager (Male) |
| 2:47 | Crear | Villager (Male) |
| 3:18 | Investigar | Loom |
| 3:36 | Crear | Villager (Male) |
| 3:36 | Crear | Villager (Male) |
| 4:00 | Construir | House |
| 4:17 | Crear | Villager (Male) |
| 4:17 | Crear | Villager (Male) |
| 4:33 | Crear | Fishing Ship |
| 4:59 | Construir | House |
| 5:12 | Crear | Villager (Male) |
| 5:12 | Crear | Villager (Male) |
Cronología de la partida
| 0:26 | Alvin Đại Ca Xứ Sương Mù · first_building Dock |
| 0:41 | BĂNG GIÁ PRO · first_building Dock |
| 0:43 | hK | Anubis · first_building Dock |
| 0:48 | hK | Anubis · wall_segment Palisade Wall x1 |
| 0:57 | SkinnyPig · first_building Dock |
| 1:02 | ChauNg · first_building Dock |
| 1:02 | koopa · first_building Dock |
| 1:05 | SkinnyPig · wall_segment Palisade Wall x1 |
| 2:14 | ConquerKing360 · first_building Dock |
| 5:21 | BĂNG GIÁ PRO · resign |
[ ANÁLISIS IA · 1 CRÉDITO ]
¿Qué pasó realmente en esta partida?
Wolo.gg analiza cada decisión: build order, eco, micro, errores típicos por bracket. Análisis personalizado por WhatsApp o Discord en 30 segundos.
Guía civ
Inca
Guía mapa
Nomad
Perfil
Jugador #758076